 Dungeon Crawl Stone Soup version 0.17.1-2-g5865329 (webtiles) character file.

29 Mysteryquy the Grasshopper (level 3, 0/29 HPs)
             Began as a Draconian Warper on Jan 13, 2016.
             Slain by a giant cockroach (1 damage)
             ... on level 1 of the Dungeon.
             The game lasted 00:02:14 (1698 turns).

Mysteryquy the Grasshopper (Draconian Warper)       Turns: 1698, Time: 00:02:17

Health: 0/29       AC:  5    Str: 14    XL:     3   Next: 1%
Magic:  6/6        EV: 12    Int: 13    God:
Gold:   45         SH:  0    Dex: 10    Spells: 1 memorised, 5 levels left

rFire  . . .     SeeInvis .     a - +0 falchion
rCold  . . .     Clarity  .     (armour unavailable)
rNeg   . . .     SustAt   .     (no shield)
rPois  .         Gourm    .     (helmet restricted)
rElec  .         Spirit   .     (no cloak)
rCorr  .         Warding  .     (no gloves)
rMut   .         Stasis   .     (no boots)
MR     .....                    (no amulet)
Stlth  +.........               (no ring)
                                (no ring)

@: not resistant to hostile enchantments, very unstealthy
A: unfitting armour, cold-blooded, AC +5
a: no special abilities


You were on level 1 of the Dungeon.
You were not hungry.

You visited 1 branch of the dungeon, and saw 2 of its levels.

You collected 45 gold pieces.

Inventory:

Hand Weapons
 a - a +0 falchion (weapon)
Missiles
 d - 5 tomahawks of dispersal (quivered)
Scrolls
 c - a scroll of blinking
 g - 2 scrolls of fear {unknown}
 h - a scroll of noise {unknown}
 k - 3 scrolls of identify {unknown}
 l - a scroll of remove curse {unknown}
 m - 2 scrolls of teleportation {unknown}
Potions
 j - a potion of ambrosia {unknown}
Books
 b - a book of Spatial Translocations

   Spells                             Type                      Level
   a - Apportation                    Translocation                1
   b - Blink                          Translocation                2
   c - Shroud of Golubria             Charms/Translocation         2
   d - Portal Projectile              Translocation                3
   e - Teleport Other                 Translocation                3
   f - Passage of Golubria            Translocation                4
Comestibles
 e - 3 bread rations
 f - a beef jerky
 i - a meat ration


   Skills:
 - Level 2.1 Fighting
 + Level 2.7 Long Blades
 - Level 0.8 Throwing
 - Level 2.1 Dodging
 - Level 2.0 Spellcasting
 + Level 3.7 Translocations


You had 5 spell levels left.
You knew the following spells:

 Your Spells              Type           Power        Failure   Level  Hunger
a - Apportation           Tloc           ##........   8%          1    ##.....


Dungeon Overview and Level Annotations

Branches:
Dungeon (2/15)

Altars:


Innate Abilities, Weirdness & Mutations

Your plain brown scales are hard (AC +5).
Your body does not fit into most forms of armour.
You are cold-blooded and may be slowed by cold attacks.


Message History

The bat hits you but does no damage. The goblin hits you but does no damage.
You climb upwards.
There is a stone staircase leading down here.
Drink which item? (? for menu, Esc to quit)
Okay, then.
Okay, then.
Casting: Apportation
Confirm with . or Enter, or press ? or * to list all spells.
Okay, then.
You closely miss the bat. The bat completely misses you.
The giant cockroach misses you. The bat misses you.
The kobold closely misses you. The goblin hits you.
* * * LOW HITPOINT WARNING * * *
You miss the bat. You tail-slap the bat.
You kill the bat!
The giant cockroach bites you but does no damage.
The kobold closely misses you. The goblin hits you.
* * * LOW HITPOINT WARNING * * *
The giant cockroach bites you.
You die...

### #..
###############################.#
#(..............................#
#(###############################
(.#............#gs.# #..........
#)#.##########.#@#.# #.##..#####
#.#.#...........K#.# #.##..#....
#.#.#.########.###.# #.##..#.###
#.#.#.# #####'#.#.# #.#...#...#
#.#.#.# #.......#.####.#.#.#.#.#
#.#.#.# #.......#........#.#.#.#
#.#.#.# #.......######.###.#...#
....#'########'#.#........#.#####
#........>.# #.#.#.##.....#.#....


You could see a giant cockroach, a goblin and a kobold.

Vanquished Creatures
  A worm (D:1)
  2 giant cockroaches (D:1)
  3 hobgoblins (D:1)
  3 jackals (D:1)
  4 kobolds
  A ball python (D:1)
  2 bats (D:1)
  2 giant geckos (D:1)
  3 giant newts
  4 rats
25 creatures vanquished.

Notes
Turn   | Place    | Note
--------------------------------------------------------------
     0 | D:1      | Mysteryquy the Draconian Warper began the quest for the Orb.
     0 | D:1      | Reached XP level 1. HP: 17/17 MP: 3/3
   158 | D:1      | Reached XP level 2. HP: 8/24 MP: 5/5
  1544 | D:2      | Reached XP level 3. HP: 12/29 MP: 6/6
  1698 | D:1      | HP: 1/29 [goblin (2)]
  1698 | D:1      | Slain by a giant cockroach

Action                   || total
-------------------------++-------
Melee: Falchion          ||   120
 Stab: Sleeping          ||     1
       Distracted        ||     1
  Eat: Chunk             ||     3
